[Event "BPB Limburg Open 2019 Group A"]
[Site "Maastricht, Netherlands"]
[Date "2019.06.10"]
[Round "7.11"]
[White "Haast, Mark"]
[Black "Stricker, Florian"]
[Result "1-0"]
[TimeControl "2h + 15 sec/move"]
[WhiteFideId "1021133"]
[BlackFideId "12976385"]
[WhiteElo "2392"]
[BlackElo "2061"]

1. g3 Nf6 2. Bg2 d5 3. c4 e6 4.
Nf3 c6 5. O-O Be7 6. d4 O-O 7. Qc2 b6 8. Nbd2 Ba6 9. b3 Nbd7 10. Bb2 Rc8 11. e4 c5 12. exd5 exd5 13. Qf5 b5 14.
b4 bxc4 15. dxc5 Nxc5 16. bxc5 Qa5 17. Rfe1 Bxc5 18. Bxf6 gxf6 19. Qxf6 Qb6 20. Qg5+ Kh8 21. Rab1 Bxf2+ 22. Kh1 Qg6 23.
Qe5+ f6 24. Qd6 Bxe1 25. Rxe1 c3 26. Qxa6 cxd2 27. Nxd2 Rc7 28. Qd6 Rfc8 29. Qxd5 Rc1 30. Rxc1 Rxc1+ 31. Nf1 Kg7 32. Kg1 Qf7 33.
Qxf7+ Kxf7 34. Bd5+ Ke7 35. Kf2 Rc2+ 36. Kf3 Kd6 37. Bb3 Rc7 38. Kf4 Rc5 39. Ne3 a5 40. g4 Kc6 41. Bg8 h5 42.
Bd5+ Kd6 43. gxh5 Rc8 44. Nf5+ Kd7 45. h6 Rh8 46. Kg4 1-0

[Event "BPB Limburg Open 2019 Group A"]
[Site "Maastricht, Netherlands"]
[Date "2019.06.10"]
[Round "7.12"]
[White "Klein, Felix"]
[Black "Van Lith, Arjan"]
[Result "1-0"]
[TimeControl "2h + 15 sec/move"]
[WhiteFideId "24600458"]
[BlackFideId "1033433"]
[WhiteElo "2328"]
[BlackElo "2132"]

1. e4 c5 2. Nf3 Nc6 3. d4 cxd4 4. Nxd4 Nf6 5. Nc3 e5 6. Ndb5 d6 7. Bg5 a6 8. Na3 b5 9. Nd5 Be7 10.
Bxf6 Bxf6 11. c4 b4 12. Nc2 Rb8 13. Qf3 Bg5 14. Rd1 Qa5 15. Qb3 O-O 16. h4 Bh6 17. Be2 f5 18. Bf3 Qc5 19.
O-O fxe4 20. Bxe4 Bg4 21. Rde1 Kh8 22. Qd3 Rb7 23. Kh1 Rbf7 24. f3 Be6 25. b3 g5 26. hxg5 Bxg5 27. g4 h5 28.
Kg2 h4 29. Nde3 a5 30. Rh1 Kg7 31. Bf5 Bxe3 32. Nxe3 Nd4 33. Rxh4 Nxf5 34. gxf5 Bxf5 35. Qd2 Rf6 36. Nxf5+ Rxf5 37.
Reh1 Kf7 38. Rh7+ Ke8 39. Qh6 R5f6 40.
Qg7 R8f7 41. Qg8+ Ke7 42. Rxf7+ Rxf7 43. Rh8 Qe3 44. Qd8+ Ke6 45. Re8+ Kf5 46. Qc8+ Kf6 47. Qe6+ Kg7 48. Qg4+ Kh7 49. Qg8+ Kh6 50.
Re6+ Kh5 51. Qg4# 1-0